AoeStats
← Herby

Arena

510691612Analyzed
4v4 RM · 15h ago on Oct 2, 2026· 41m 3s· 8 players
Game mode
Random Map
Map size
Large (8 player)
Population
200
Speed
Normal
Resources
Standard
Victory
Conquest
Starting age
Dark Age
Ending age
Imperial Age
RankedLock teamsTeams togetherTeam positionsShared explorationLock speedFull tech treeHidden civsTurbo modeCheats
Victory
Defeat
🇨🇳 Persians · China
1438
+11
🇲🇽 Magyars · Mexico
1353
+15
🇨🇳 Hindustanis · China
1342
+15
1330
+15
🇲🇽 Danes · Mexico
1377
-16
🇲🇽 Mapuche · Mexico
1370
-16
🇲🇽 Burgundians · Mexico
1277
-12
🇺🇸 Khmer · United States
1264
-12
Niccals_
10:03 Feudal Age
14:04 Castle Age
12:44 Double-Bit Axe
13:27 Horse Collar
15:45 Loom
23:23 Sanctity
30:50 Fervor
31:38 Bow Saw
37:57 Imperial Age
36:39 Heavy Plow
38:24 Wheelbarrow
37:43 Gold Mining
37:47 Stone Mining
38:25 Fletching
38:05 Heavy Cavalry Archer
39:19 Parthian Tactics
39:05 Husbandry
39:25 Bloodlines
39:58 Bodkin Arrow
40:04 Padded Archer Armor
41:10 Chemistry
40:32 Ballistics
41:17 Bracer
41:33 Leather Archer Armor
825889483
10:06 Feudal Age
13:41 Castle Age
11:52 Double-Bit Axe
12:17 Horse Collar
19:07 Wheelbarrow
18:23 Town Watch
18:24 Loom
21:32 Scale Barding Armor
21:38 Forging
22:49 Bloodlines
22:39 Husbandry
23:29 Husbandry
24:40 Heavy Plow
25:43 Stone Mining
25:45 Gold Mining
30:10 Imperial Age
29:22 Fletching
30:56 Scale Mail Armor
31:31 Iron Casting
31:52 Conscription
30:53 Elite Ghulam
34:23 Chemistry
33:43 Ballistics
33:35 Masonry
35:27 Shatagni
35:55 Padded Archer Armor
37:15 Bodkin Arrow
37:36 Leather Archer Armor
38:51 Ring Archer Armor
39:46 Gold Shaft Mining
漠北万丈孤烟长河落日圆
11:19 Feudal Age
15:36 Castle Age
13:51 Double-Bit Axe
17:03 Bow Saw
17:35 Loom
19:11 Fletching
25:01 Wheelbarrow
24:41 Town Watch
27:22 Horse Collar
29:44 Hand Cart
29:30 Heavy Plow
34:44 Imperial Age
32:31 Chatras
32:39 Scale Barding Armor
32:45 Forging
33:10 Forging
33:13 Bloodlines
33:04 Husbandry
37:49 Chain Barding Armor
39:15 Pikeman
39:57 Squires
40:35 Plate Barding Armor
40:03 Scale Mail Armor
徽sir
11:22 Feudal Age
12:15 Double-Bit Axe
12:12 Horse Collar
14:54 Castle Age
16:30 Wheelbarrow
16:38 Bow Saw
19:00 Loom
22:08 Gold Mining
24:32 Scale Barding Armor
24:38 Forging
25:42 Chain Barding Armor
26:19 Gold Shaft Mining
25:59 Bloodlines
25:50 Husbandry
28:58 Hand Cart
29:20 Stone Mining
32:57 Imperial Age
31:34 Iron Casting
31:01 Town Watch
31:29 Heavy Plow
32:45 Cavalier
34:02 Plate Barding Armor
34:27 Blast Furnace
32:52 Capped Ram
33:55 Conscription
34:31 Fletching
35:13 Savar
36:38 Crop Rotation
37:58 Light Cavalry
[Pb] Komodo 3000
10:08 Feudal Age
13:41 Castle Age
13:27 Loom
13:52 Gold Mining
18:09 Double-Bit Axe
24:34 Devotion
29:34 Fletching
32:00 Bodkin Arrow
36:08 Wheelbarrow
BittenDork
10:22 Feudal Age
14:11 Castle Age
12:02 Loom
15:21 Double-Bit Axe
25:49 Scale Barding Armor
29:21 Imperial Age
27:39 Bow Saw
27:57 Forging
29:31 Bloodlines
29:25 Husbandry
31:08 Chain Barding Armor
32:59 Plate Barding Armor
35:13 Elite Battle Elephant
39:17 Iron Casting
Herby
10:51 Feudal Age
12:10 Loom
16:18 Castle Age
21:25 Imperial Age
19:03 Double-Bit Axe
19:33 Gold Mining
21:38 Northmen's Fury
23:34 Bow Saw
25:05 Capped Ram
33:54 Horse Collar
35:02 Wheelbarrow
37:10 Hand Cart
37:54 Scale Mail Armor
38:04 Forging
38:19 Conscription
[GDL] R_Oak
5:55 Double-Bit Axe
10:34 Feudal Age
14:12 Castle Age
12:09 Horse Collar
13:02 Bow Saw
18:27 Loom
19:41 Gold Mining
21:26 Scale Mail Armor
22:53 Forging
23:14 Squires
23:57 Pikeman
25:33 Wheelbarrow
25:55 Heavy Plow
29:52 Imperial Age
28:08 Hand Cart
28:35 Chain Mail Armor
29:43 Burgundian Vineyards
31:43 Chemistry
30:11 Halberdier
31:33 Plate Mail Armor
30:57 Arson
32:35 Iron Casting
32:35 Town Watch
33:28 Padded Archer Armor
34:56 Masonry
35:08 Conscription
37:28 Crop Rotation
37:55 Hoardings
37:44 Leather Archer Armor
38:33 Fortified Wall
38:54 Architecture
39:25 Fletching
Connection lost

Rejoining the realm…

Still unreachable

The connection could not be restored.

Session expired

The server has moved on; the page needs a fresh start.